 Dungeon Crawl Stone Soup version 0.30-a0-879-ga8ba668304 (webtiles) character file.

Game seed: 9698808722950311206

63 Ijustatesigmund the Firebug (level 4, -1/32 HPs)
             Began as a Gnoll Fire Elementalist on Mar 13, 2023.
             Slain by an ogre
             ... wielding a +0 giant spiked club
              (33 damage)
             ... on level 4 of the Dungeon.
             The game lasted 00:04:11 (2507 turns).

Ijustatesigmund the Firebug (GnFE)                  Turns: 2507, Time: 00:04:12

Health: -1/32      AC:  4    Str:  8    XL:     4   Next: 9%
Magic:  6/11       EV: 13    Int: 16    God:
Gold:   245        SH:  0    Dex: 12    Spells: 10/13 levels left

rFire   . . .      SeeInvis .    c - +2 mace (protect)
rCold   . . .      Faith    .    (no shield)
rNeg    . . .      Spirit   .    a - +0 robe
rPois   .          Reflect  .    (no helmet)
rElec   .          Rampage  .    i - +0 cloak
rCorr   .                        (no gloves)
Will    .....                    h - +0 pair of boots
Stlth   ++                       (no amulet)
HPRegen 0.25/turn                (no ring)
MPRegen 0.12/turn                (no ring)

@: no status effects
A: fangs 1, strong nose, distributed training
a: no special abilities


You were on level 4 of the Dungeon.
You visited 1 branch of the dungeon, and saw 4 of its levels.

You collected 245 gold pieces.

Inventory:

Hand Weapons
 c - a +2 mace of protection (weapon)
Armour
 a - a +0 robe (worn)
 h - a +0 pair of boots (worn)
 i - a +0 cloak (worn)
Scrolls
 f - a scroll of amnesia {unknown}
 g - 2 scrolls of identify
Potions
 b - 2 potions of magic
 d - a potion of resistance {unknown}
 e - a potion of attraction {unknown}
 j - a potion of flight {unknown}
 k - a potion of cancellation {unknown}


   Skills:
 + Level 1.1 Fighting
 + Level 1.1 Short Blades
 + Level 1.1 Long Blades
 + Level 1.1 Axes
 + Level 1.1 Maces & Flails
 + Level 1.1 Polearms
 + Level 1.1 Staves
 + Level 1.1 Ranged Weapons
 + Level 1.1 Throwing
 + Level 1.1 Armour
 + Level 4.6 Dodging
 + Level 4.2 Stealth
 + Level 1.1 Shields
 + Level 1.1 Unarmed Combat
 + Level 5.0 Spellcasting
 + Level 2.2 Conjurations
 + Level 0.8 Hexes
 + Level 0.8 Summonings
 + Level 0.8 Necromancy
 + Level 0.8 Translocations
 + Level 0.8 Transmutations
 + Level 5.4 Fire Magic
 + Level 0.8 Ice Magic
 + Level 0.8 Air Magic
 + Level 0.8 Earth Magic
 + Level 0.8 Poison Magic
 + Level 1.2 Invocations
 + Level 1.1 Evocations


You had 10 spell levels left.
You knew the following spells:

 Your Spells              Type           Power      Damage    Failure   Level
a - Foxfire               Conj/Fire      64%        2x1d7     3%          1
b - Scorch                Fire           42%        2d7       2%          2

Your spell library contained the following spells:

 Spells                   Type           Power      Damage    Failure   Level
 Inner Flame              Hex/Fire       14%        N/A       12%         3
 Ensorcelled Hibernation  Hex/Ice        12%        N/A       16%         2
 Kindle Blastsparks       Fire/Tloc/Air  22%        2d11      17%         3
 Flame Wave               Conj/Fire      16%        2d7       30%         4
 Spider Form              Tmut/Pois      6%         N/A       32%         3
 Anguish                  Hex/Necr       3%         N/A       71%         4


Dungeon Overview and Level Annotations

Branches:
Dungeon (4/15)
 Temple: D:4-7

Altars:
Dithmenos


Innate Abilities, Weirdness & Mutations

You have very sharp teeth.
Your uncanny sense of smell can sniff out nearby items.
Your experience applies equally to all skills.


Message History

Found a stone staircase leading down.
The kobold shouts!
You hear a shout!
The kobold throws a stone.
The stone completely misses you.
An ogre comes into view. It is wielding a +0 giant spiked club.
The kobold throws a stone.
The stone misses you.
Casting: Foxfire (safe; 3% risk of failure)
Confirm with . or Enter, or press ? or * to list all spells.
You conjure some foxfire!
The foxfire hits the kobold.
You kill the kobold!
Casting: Foxfire (safe; 3% risk of failure)
Confirm with . or Enter, or press ? or * to list all spells.
You conjure some foxfire!
Your foxfire dissipates!
A giant cockroach comes into view.
Casting: Foxfire (safe; 3% risk of failure)
Confirm with . or Enter, or press ? or * to list all spells.
Flames lash the ogre.
The ogre is moderately wounded.
The ogre's fire resistance burns away.
The foxfire hits the giant cockroach.
The giant cockroach is severely wounded.
Casting: Scorch (safe; 2% risk of failure)
Confirm with . or Enter, or press ? or * to list all spells.
You conjure some foxfire!
The foxfire hits the ogre but does no damage.
The ogre is moderately wounded.
The foxfire hits the ogre!
The ogre is burned terribly!
The ogre is severely wounded.
The ogre closely misses you.
Casting: Foxfire (safe; 3% risk of failure)
Confirm with . or Enter, or press ? or * to list all spells.
You conjure some foxfire!
The ogre is no longer more vulnerable to fire.
The foxfire hits the giant cockroach.
You kill the giant cockroach!
The foxfire hits the ogre!
The ogre is almost dead.
The ogre hits you with a +0 giant spiked club!!
Ouch! That really hurt!
You die...

#. #<.....#
#. #†.....#
#.###...####
#............
#..###.##.###
#..# #.##.#
#..##...#.##
#..#........
#...@O....#
##.#†..)..#
#.....#...#
#..##.>v#.#
#... .... ..
#.## #.##.##
#. .# # #. .#


You could see an ogre.

Vanquished Creatures
  An adder (D:2)
  2 dart slugs (D:1)
  2 orcs (D:3)
  4 endoplasms
  3 giant cockroaches
  5 goblins
  A hobgoblin (D:4)
  3 quokkas (D:1)
  6 ball pythons
  3 bats
  A frilled lizard (D:1)
  6 kobolds
  10 rats
47 creatures vanquished.

Vanquished Creatures (collateral kills)
  2 foxfires (D:2)
2 creatures vanquished.

Vanquished Creatures (others)
  133 foxfires
  9 plants (D:2)
142 creatures vanquished.

Grand Total: 191 creatures vanquished

Notes
Turn   | Place    | Note
-------+----------+-------------------------------------------
     0 | D:1      | Ijustatesigmund the Gnoll Fire Elementalist began the quest
                  | for the Orb.
     0 | D:1      | Reached XP level 1. HP: 13/13 MP: 6/6
     3 | D:1      | Noticed an electric eel
     4 | D:1      | Noticed an electric eel
   163 | D:1      | Reached XP level 2. HP: 19/19 MP: 5/7
   166 | D:1      | Learned a level 2 spell: Scorch
   743 | D:2      | Reached skill level 5 in Spellcasting
   743 | D:2      | Reached XP level 3. HP: 25/25 MP: 5/9
   999 | D:2      | Found a faded altar of an unknown god.
  1028 | D:2      | Reached skill level 1 in Invocations
  1476 | D:3      | Reached skill level 1 in Fighting
  1476 | D:3      | Reached skill level 1 in Short Blades
  1476 | D:3      | Reached skill level 1 in Long Blades
  1476 | D:3      | Reached skill level 1 in Axes
  1476 | D:3      | Reached skill level 1 in Maces & Flails
  1476 | D:3      | Reached skill level 1 in Polearms
  1476 | D:3      | Reached skill level 1 in Staves
  1476 | D:3      | Reached skill level 1 in Ranged Weapons
  1476 | D:3      | Reached skill level 1 in Throwing
  1476 | D:3      | Reached skill level 1 in Armour
  1476 | D:3      | Reached skill level 1 in Shields
  1476 | D:3      | Reached skill level 1 in Unarmed Combat
  1476 | D:3      | Reached skill level 1 in Evocations
  1931 | D:3      | Reached XP level 4. HP: 32/32 MP: 8/11
  2357 | D:4      | Found a shadowy altar of Dithmenos.
  2362 | D:4      | Noticed a hornet
  2497 | D:4      | Noticed an ogre
  2507 | D:4      | Slain by an ogre

Illustrated notes

Levels and vault maps discovered:
D:1:      arrival_aquarium_b, layout_rooms
D:2:      layout_rooms, nicolae_ecumenical_snake_handling, serial_bayou_pond_c
D:3:      layout_basic
D:4:      kennysheep_slugbush, layout_loops_ring,
          nicolae_dithmenos_the_darkroom, serial_shops, shop

Skill      XL: |  1  2  3 |
---------------+----------+-----
Conjurations   | 2 |  2.2
Spellcasting   | 5 |  5.0
Invocations    | 1 |  1.2
Fighting       | 1 |  1.1
Short Blades   | 1 |  1.1
Long Blades    | 1 |  1.1
Axes           | 1 |  1.1
Maces & Flails | 1 |  1.1
Polearms       | 1 |  1.1
Staves         | 1 |  1.1
Ranged Weapons | 1 |  1.1
Throwing       | 1 |  1.1
Armour         | 1 |  1.1
Shields        | 1 |  1.1
Unarmed Combat | 1 |  1.1
Evocations     | 1 |  1.1
Dodging        | |  4.6
Stealth        | |  4.2
Hexes          | |  0.8
Summonings     | |  0.8
Necromancy     | |  0.8
Translocations | |  0.8
Transmutations | |  0.8
Fire Magic     | |  5.4
Ice Magic      | |  0.8
Air Magic      | |  0.8
Earth Magic    | |  0.8
Poison Magic   | |  0.8

Action                     |  1- 3 |  4- 6 || total
---------------------------+-------+-------++-------
  Melee: Mace              |     8 |       ||     8
         Bite              |     1 |       ||     1
   Cast: Foxfire           |    63 |    17 ||    80
         Scorch            |     3 |     1 ||     4
    Use: Scroll            |     4 |       ||     4
   Stab: Sleeping          |     1 |       ||     1
 Armour: Robe              |     5 |       ||     5
  Dodge: Dodged            |    11 |     3 ||    14

Table legend: (Time is in decaauts)
 A = Elapsed time spent in this place.
 B = Non-inter-level travel time spent in this place.
 C = Inter-level travel time spent in this place.
 D = Time resting spent in this place.
 E = Time spent auto-exploring this place.
 F = Levels seen in this place.
 G = Mean time per level.
                   A        B        C        D        E       F      G
               +--------+--------+--------+--------+--------+-----+--------+
         Total |   2515 |   2446 |     69 |    118 |   1985 |   4 |  628.8 |
       Dungeon |   2515 |   2446 |     69 |    118 |   1985 |   4 |  628.8 |
               +--------+--------+--------+--------+--------+-----+--------+

Top non-repeatable levels by time:
     D:3: 878 daAuts
     D:1: 731 daAuts
     D:2: 729 daAuts
     D:4: 175 daAuts
